 Dungeon Crawl Stone Soup version 0.30-a0-626-gd6a5dd7a1f (webtiles) character file.

Game seed: 16087197079005858282

2821 Newt the Thrower (level 9, -3/69 HPs)
             Began as a Demonspawn Gladiator on Jan 11, 2023.
             Slain by a yak (10 damage)
             ... on level 7 of the Dungeon.
             The game lasted 00:07:53 (6583 turns).

Newt the Thrower (Demonspawn Gladiator)             Turns: 6583, Time: 00:07:54

Health: -3/69      AC:  9    Str: 18    XL:     9   Next: 45%
Magic:  0/9        EV: 13    Int:  9    God:
Gold:   269        SH:  0    Dex: 16    Spells: 8/8 levels left

rFire   + . .      SeeInvis .    A - +0 hand axe (heavy)
rCold   . . .      Faith    .    (no shield)
rNeg    . . .      Spirit   +    z - +2 leather armour {rF+}
rPois   +          Reflect  .    c - +0 helmet
rElec   .          Harm     .    y - +0 cloak
rCorr   .          Rampage  .    h - +0 pair of gloves
Will    .....                    (no boots)
Stlth   ++                       x - amulet of guardian spirit
HPRegen 0.31/turn                g - ring of poison resistance
MPRegen 0.11/turn                (no ring)

@: invisible
A: spiny 1, sturdy frame 1, demonic touch 2
a: no special abilities


You were on level 7 of the Dungeon.
You visited 1 branch of the dungeon, and saw 7 of its levels.
You also visited: Sewer.

You collected 269 gold pieces.

Inventory:

Hand Weapons
 a - a +1 rapier
 l - a +2 short sword of electrocution
 A - a +0 heavy hand axe (weapon)
Missiles
 d - 4 throwing nets (quivered)
 e - a javelin
 f - 4 atropa-tipped darts
 u - 7 poisoned darts
Armour
 b - a +0 leather armour
 c - a +0 helmet (worn)
 h - a +0 pair of gloves (worn)
 y - a +0 cloak (worn)
 z - a +2 leather armour of fire resistance (worn)
Jewellery
 g - a ring of poison resistance (left hand)
 x - an amulet of guardian spirit (around neck)
 G - a ring of willpower
Scrolls
 v - a scroll of amnesia
 C - a scroll of vulnerability
 D - a scroll of poison
 E - 2 scrolls of enchant weapon
 F - a scroll of fog
Potions
 i - a potion of might
 k - 2 potions of flight
 m - 2 potions of attraction
 n - a potion of degeneration {unknown}
 o - a potion of berserk rage {unknown}
 p - 4 potions of curing
 q - a potion of resistance {unknown}
 r - a potion of brilliance {unknown}
 s - a potion of haste
 t - a potion of cancellation {unknown}
 w - 2 potions of heal wounds {unknown}
 B - a potion of mutation {unknown}
 H - a potion of ambrosia {unknown}


   Skills:
 - Level 6.0 Fighting
 - Level 4.0 Short Blades
 + Level 3.1 Axes
 - Level 8.0 Throwing
 - Level 4.0 Armour
 - Level 4.0 Dodging
 - Level 3.0 Stealth


You had 8 spell levels left.
You didn't know any spells.
Your spell library contained the following spells:

 Spells                   Type           Power      Damage    Failure   Level
 Necrotise                Necr           0%         1d4       38%         1
 Cigotuvi's Dreadful Rot  Necr/Pois/Air  0%         N/A       54%         2
 Poisonous Vapours        Pois/Air       0%         N/A       54%         2
 Inner Flame              Hex/Fire       0%         N/A       77%         3
 Mephitic Cloud           Conj/Pois/Air  0%         N/A       77%         3
 Vampiric Draining        Necr           0%         2d6       77%         3
 Cause Fear               Hex            0%         N/A       99%         4
 Agony                    Necr           0%         N/A       100%        5
 Discord                  Hex            0%         N/A       100%        8


Dungeon Overview and Level Annotations

Branches:
Dungeon (6/15)              Sewer (visited)
 Temple: D:4-7

Altars:
Ashenzari
Fedhas
Qazlal
Uskayaw
Wu Jian
Xom

Shops:
D:4 =   D:6 (


Innate Abilities, Weirdness & Mutations

You are partially covered in sharp spines.
Your movements are slightly less encumbered by armour. (ER -2)
Your touch may inflict irresistible damage on your foes.


Message History

There is an open door here.
You close the door.
It was a potion of curing.
You feel better.
You fade into invisibility!
You open the door. You slash the yak!
The yak is lightly wounded.
The yak seems to regain its courage.
The yak barely misses you. x2
You closely miss the yak.
The yak is lightly wounded.
You barely miss the yak. The yak is struck by your spines.
The yak closely misses you. The yak is struck by your spines.
The yak gores you.
* * * LOW HITPOINT WARNING * * *
You hit the yak but do no damage. You punch the yak.
The yak is moderately wounded.
You barely miss the yak. The yak barely misses you.
The yak is struck by your spines. The yak gores you but does no damage.
The yak is struck by your spines. The yak barely misses you.
The yak is struck by your spines. The yak misses you.
You barely miss the yak.
The yak is heavily wounded.
You barely miss the yak.
The yak barely misses you. x2; The yak gores you.
* * * LOW HITPOINT WARNING * * *
The yak barely misses you.
You hit the yak but do no damage.
The yak is heavily wounded.
You hit the yak. The yak misses you. The yak gores you.
* * * LOW HITPOINT WARNING * * *
The yak is struck by your spines. The yak gores you!
* * * LOW HITPOINT WARNING * * *
The yak barely misses you.
The yak bellows!
You slash the yak!
The yak is almost dead.
You hit the yak. The yak barely misses you. The yak closely misses you.
You slash the yak!
You kill the yak!
You slash the yak! The yak gores you!
You die...

##.Y.)Y.'..........
#..♣....#Y.........
........#..........
.....♣..#..#######.
..>.....)).##...#
.....♣..)...#...#
.......#)...#...#
.♣...+....Y...# ...
#....#Y@.# ##
#.####...# #. #####
.. ... ..


You could see 2 yaks.

Vanquished Creatures
  Pikel (D:5)
  The ghost of bmack86 the Trooper, an amateur MiFi (D:5)
  Grinder (D:3)
  2 yaks (D:7)
  Eustachio (D:4)
  Menkaure (D:5)
  Edmund (D:6)
  A black bear (D:5)
  An orc warrior (D:6)
  A sky beast (D:6)
  An ogre (D:5)
  2 lemures (D:5)
  A phantom (D:6)
  Blork the orc (D:6)
  A bullfrog (D:5)
  A necrophage (D:4)
  A gnoll sergeant (D:6)
  3 scorpions (D:4)
  2 hounds
  Crazy Yiuf (D:3)
  An orc priest (D:6)
  A jelly (D:5)
  An iguana (D:5)
  3 orc wizards
  A hell rat (Sewer)
  11 gnolls
  7 adders
  A shadow imp (D:5)
  A white imp (D:3)
  An ufetubus (D:5)
  4 worms
  A dart slug (D:2)
  20 orcs
  8 endoplasms
  9 giant cockroaches
  6 goblins
  15 hobgoblins
  7 quokkas
  6 ball pythons
  6 bats
  6 frilled lizards
  8 kobolds
  8 rats
157 creatures vanquished.

Notes
Turn   | Place    | Note
-------+----------+-------------------------------------------
     0 | D:1      | Newt the Demonspawn Gladiator began the quest for the Orb.
     0 | D:1      | Reached XP level 1. HP: 16/16 MP: 1/1
   107 | D:1      | Reached skill level 1 in Stealth
   166 | D:1      | Gained mutation: You are partially covered in sharp spines.
                  | [demonic ancestry]
   166 | D:1      | Reached XP level 2. HP: 21/22 MP: 2/2
   651 | D:1      | Found a faded altar of an unknown god.
   885 | D:2      | Found a stormy altar of Qazlal.
   901 | D:2      | Gained mutation: Your movements are slightly less
                  | encumbered by armour. (ER -2) [demonic ancestry]
   901 | D:2      | Reached XP level 3. HP: 27/27 MP: 3/3
  1283 | D:2      | Gained mutation: Your touch may inflict minor irresistible
                  | damage on your foes. [demonic ancestry]
  1283 | D:2      | Reached XP level 4. HP: 31/34 MP: 4/4
  1712 | D:3      | Found a runed translucent door.
  1713 | D:3      | Noticed Crazy Yiuf
  2239 | D:3      | Noticed Grinder
  2241 | D:3      | Paralysed by Grinder for 5 turns
  2249 | D:3      | Paralysed by Grinder for 4 turns
  2301 | D:3      | Killed Grinder
  2302 | D:3      | Reached skill level 4 in Throwing
  2302 | D:3      | Gained mutation: Your touch may inflict irresistible damage
                  | on your foes. [demonic ancestry]
  2302 | D:3      | Reached XP level 5. HP: 26/42 MP: 5/5
  2302 | D:3      | Reached XP level 6. HP: 30/48 MP: 6/6
  2988 | D:3      | Killed Crazy Yiuf
  3162 | D:4      | Reached skill level 5 in Throwing
  3221 | D:4      | Found Fiyhow's One-of-a-Kind Rings.
  3283 | D:4      | Reached XP level 7. HP: 27/54 MP: 7/7
  3630 | D:4      | Reached skill level 6 in Throwing
  3638 | D:4      | Found a broken altar of Ashenzari.
  3642 | D:4      | Noticed Eustachio
  3659 | D:4      | Killed Eustachio
  3660 | D:4      | Reached skill level 5 in Fighting
  4124 | D:4      | Found an ornate altar of the Wu Jian Council.
  4136 | D:4      | Found a blossoming altar of Fedhas.
  4139 | D:4      | Found a shimmering altar of Xom.
  4464 | D:5      | Entered Level 5 of the Dungeon
  4572 | D:5      | Found a runed translucent door.
  4575 | D:5      | Noticed bmack86's ghost (amateur MiFi)
  4593 | D:5      | Found a glowing drain.
  4615 | Sewer    | Entered a sewer
  4881 | D:5      | Noticed Pikel
  4906 | D:5      | Killed Pikel
  4907 | D:5      | Reached XP level 8. HP: 31/64 MP: 5/8
  5463 | D:5      | Noticed Menkaure
  5468 | D:5      | Killed Menkaure
  5791 | D:5      | Killed bmack86's ghost
  5928 | D:5      | Reached XP level 9. HP: 59/69 MP: 7/9
  5931 | D:5      | Reached skill level 7 in Throwing
  6029 | D:6      | Found a hide-covered altar of Uskayaw.
  6098 | D:6      | Noticed Edmund
  6112 | D:6      | Killed Edmund
  6184 | D:6      | Reached skill level 8 in Throwing
  6250 | D:6      | Found Boafitit's Weapon Boutique.
  6272 | D:6      | Noticed Blork the orc
  6279 | D:6      | Killed Blork the orc
  6280 | D:6      | Reached skill level 1 in Axes
  6397 | D:6      | You fall into a shaft and drop 1 floor!
  6583 | D:7      | Slain by a yak

Illustrated notes

Levels and vault maps discovered:
D:1:      dpeg_arrival_simpleton_b, layout_basic,
          hellmonk_ecumenical_altar_run_dry, corexii_corridor_pit
D:2:      cheibrodos_greedy_goblins, layout_basic, basic_altar
D:3:      layout_loops_corners, uniq_grinder, uniq_crazy_yiuf_cottage
D:4:      layout_basic, mainiacjoe_overflow_catwalk_spiral,
          mainiacjoe_overflow_catch_the_wave, nicolae_shop_unique_rings,
          uniq_eustachio
D:5:      layout_loops_corners, portal_sewer_entry_f,
          hellmonk_ghost_happy_afterlife, minmay_misc_feat_roman, uniq_pikel,
          uniq_menkaure
D:6:      layout_cave_pools, mainiacjoe_overflow_small_starburst, serial_shops,
          nicolae_shop_bloodbath_and_beyond, uniq_blork_the_orc, uniq_edmund
D:7:      layout_gridville, gammafunk_temple_overflow_forgotten,
          overflow_temple_1_default, minmay_temple_entry_statues,
          grunt_ministairs_9, nrook_pool_corridor,
          minmay_hollow_rounded_squares, uniq_duvessa

Skill      XL: |  1  2  3  4  5  6  7  8  9 |
---------------+----------------------------+-----
Stealth        | 1 2 3 |  3.0
Fighting       | 4 6 |  6.0
Throwing       | 4 5 6 8 |  8.0
Dodging        | 4 |  4.0
Armour         | 2 4 |  4.0
Short Blades   | 4 |  4.0
Axes           | 3 |  3.1

Action                   |  1- 3 |  4- 6 |  7- 9 || total
-------------------------+-------+-------+-------++-------
Melee: Rapier            |   113 |    39 |       ||   152
       Touch             |       |    15 |    39 ||    54
       Punch             |       |     1 |     4 ||     5
       Short sword       |       |    22 |   152 ||   174
       Hand axe          |       |       |    33 ||    33
Throw: Dart              |       |     7 |       ||     7
       Throwing net      |       |     4 |       ||     4
       Javelin           |       |     1 |       ||     1
  Use: Scroll            |     2 |     4 |     8 ||    14
       Potion            |       |     1 |     3 ||     4
 Stab: Sleeping          |     4 |     7 |     7 ||    18
       Distracted        |       |       |     2 ||     2
Armor: Leather armour    |    32 |     5 |    64 ||   101
Dodge: Dodged            |    61 |    30 |   142 ||   233

Table legend: (Time is in decaauts)
 A = Elapsed time spent in this place.
 B = Non-inter-level travel time spent in this place.
 C = Inter-level travel time spent in this place.
 D = Time resting spent in this place.
 E = Time spent auto-exploring this place.
 F = Levels seen in this place.
 G = Mean time per level.
                   A        B        C        D        E       F      G
               +--------+--------+--------+--------+--------+-----+--------+
         Total |   6600 |   6413 |    187 |   1361 |   4010 |   8 |  825.0 |
       Dungeon |   6468 |   6281 |    187 |   1361 |   3921 |   7 |  924.0 |
         Sewer |    131 |    131 |      0 |      0 |     88 |   1 |  131.0 |
               +--------+--------+--------+--------+--------+-----+--------+

Top non-repeatable levels by time:
     D:3: 1718 daAuts
     D:5: 1389 daAuts
     D:4: 1370 daAuts
     D:1: 759 daAuts
     D:2: 610 daAuts
     D:6: 419 daAuts
     D:7: 200 daAuts
   Sewer: 131 daAuts
